| TOP OF THE 1ST |
|
Burlington Bees batting - Pitching for Lansing Lugnuts : RHP Ben Knapp
|
|
Pitching: RHP Ben Knapp
|
|
|
Batting: RHB Nick Lombardo
|
0-0: Called Strike 0-1: Swinging Strike 0-2: Foul Ball, location: 2F 0-2: Ball 1-2: Ball 2-2: Ball 3-2: Ground out 5-3 (Groundball, 56, EV 103.8 MPH)
|
|
Batting: RHB Ricky Mejicanos
|
0-0: Ball 1-0: SINGLE (Line Drive, 7S, EV 98.8 MPH)
|
|
Batting: LHB Dave Hicks
|
0-0: Ball 1-0: Ball 2-0: Called Strike 2-1: Swinging Strike 2-2: Fielders Choice at 2nd, 6-4 (Groundball, 6, EV 101.9 MPH)
|
|
Batting: RHB Kyler Seitz
|
0-0: Swinging Strike 0-1: Foul Ball, location: 2F 0-2: Strikes out swinging
|
| Top of the 1st over - 0 runs, 1 hit, 0 errors, 1 left on base; Burlington 0 - Lansing 0 |
| BOTTOM OF THE 1ST |
|
Lansing Lugnuts batting - Pitching for Burlington Bees : RHP Getachew El Sayed
|
|
Pitching: RHP Getachew El Sayed
|
|
|
Batting: RHB Luis Gomez
|
0-0: Fly out, F9 (Flyball, 89S, EV 81.9 MPH)
|
|
Batting: LHB Frank Nelson
|
0-0: Swinging Strike 0-1: Foul Ball, location: 2F 0-2: Foul Ball, location: 2F 0-2: Ball 1-2: Strikes out swinging
|
|
Batting: RHB Raul de la Cruz
|
0-0: Swinging Strike 0-1: Ball 1-1: Swinging Strike 1-2: Ball 2-2: Fly out, F9 (Flyball, 9, EV 93.1 MPH)
|
| Bottom of the 1st over - 0 runs, 0 hits, 0 errors, 0 left on base; Burlington 0 - Lansing 0 |
| TOP OF THE 2ND |
|
Burlington Bees batting - Pitching for Lansing Lugnuts : RHP Ben Knapp
|
|
Batting: LHB Mutsuo IIda
|
0-0: Called Strike 0-1: Foul Ball, location: 2F 0-2: Ball 1-2: Foul Ball, location: 2F 1-2: Foul Ball, location: 2F 1-2: Ball 2-2: Ball 3-2: Strikes out swinging
|
|
Batting: RHB Dean LeCroy
|
0-0: SINGLE (Line Drive, 8RS, EV 86.9 MPH)
|
|
Batting: RHB Wilford Harper
|
0-0: Ball Dean LeCroy is caught stealing 2nd base 2-4 1-0: Fly out, F7 (Flyball, 7LM, EV 109.4 MPH)
|
| Top of the 2nd over - 0 runs, 1 hit, 0 errors, 0 left on base; Burlington 0 - Lansing 0 |
| BOTTOM OF THE 2ND |
|
Lansing Lugnuts batting - Pitching for Burlington Bees : RHP Getachew El Sayed
|
|
Batting: RHB John Michener
|
0-0: Called Strike 0-1: Foul Ball, location: 2F 0-2: Foul Ball, location: 2F 0-2: SINGLE (Groundball, 25, EV 70.0 MPH) (infield hit)
|
|
Batting: RHB John Hering
|
0-0: Ball 1-0: Foul Ball, location: 2F 1-1: Fly out, F8 (Flyball, 89M, EV 84.4 MPH)
|
|
Batting: RHB Jamie Ogilvie
|
0-0: Called Strike 0-1: Foul Ball, location: 2F 0-2: Foul Ball, location: 2F 0-2: Ball Passed Ball! John Michener to second 1-2: Foul Ball, location: 2F 1-2: Foul Ball, location: 2F 1-2: Ground out 5-3 (Groundball, 5, EV 104.4 MPH)
|
|
Batting: LHB Roger Escareno
|
0-0: Foul Ball, location: 2F 0-1: Ball 1-1: Ground out 2-3 (Groundball, 15S, EV 68.8 MPH)
|
| Bottom of the 2nd over - 0 runs, 1 hit, 0 errors, 1 left on base; Burlington 0 - Lansing 0 |
| TOP OF THE 3RD |
|
Burlington Bees batting - Pitching for Lansing Lugnuts : RHP Ben Knapp
|
|
Batting: RHB Peter Westover
|
0-0: Ball 1-0: Called Strike 1-1: Foul Ball, location: 2F 1-2: Ground out 5-3 (Groundball, 56, EV 107.5 MPH)
|
|
Batting: SHB Tim Connell
|
0-0: Called Strike 0-1: Swinging Strike 0-2: Ball 1-2: Ball 2-2: Foul Ball, location: 2F 2-2: Foul Ball, location: 2F 2-2: Strikes out swinging
|
|
Batting: RHB Nick Lombardo
|
0-0: Called Strike 0-1: Ball 1-1: Foul Ball, location: 2F 1-2: Strikes out swinging
|
| Top of the 3rd over - 0 runs, 0 hits, 0 errors, 0 left on base; Burlington 0 - Lansing 0 |
| BOTTOM OF THE 3RD |
|
Lansing Lugnuts batting - Pitching for Burlington Bees : RHP Getachew El Sayed
|
|
Batting: LHB Timo Gomez
|
0-0: Foul Ball, location: 2F 0-1: Ball 1-1: Ball 2-1: Ball 3-1: Base on Balls
|
|
Batting: RHB Shunsuke Shiba Inu
|
0-0: Called Strike 0-1: Called Strike Timo Gomez steals 2nd base (no throw) 0-2: Foul Ball, location: 2F 0-2: Ground out 6-3 (Groundball, 6, EV 85.6 MPH) Timo Gomez to third
|
|
Batting: RHB Luis Gomez
|
0-0: Ball 1-0: Called Strike 1-1: Ground out 5-3 (Groundball, 5, EV 93.1 MPH)
|
|
Batting: LHB Frank Nelson
|
0-0: Ball 1-0: Called Strike 1-1: Foul Ball, location: 2F 1-2: Strikes out swinging
|
| Bottom of the 3rd over - 0 runs, 0 hits, 0 errors, 1 left on base; Burlington 0 - Lansing 0 |
| TOP OF THE 4TH |
|
Burlington Bees batting - Pitching for Lansing Lugnuts : RHP Ben Knapp
|
|
Batting: RHB Ricky Mejicanos
|
0-0: Ball 1-0: Ground out 6-3 (Groundball, 6S, EV 62.5 MPH)
|
|
Batting: LHB Dave Hicks
|
0-0: Ball 1-0: Foul Ball, location: 2F 1-1: Ball 2-1: Ball 3-1: Called Strike 3-2: Ground out 4-3 (Groundball, 4, EV 110.0 MPH)
|
|
Batting: RHB Kyler Seitz
|
0-0: Swinging Strike 0-1: Called Strike 0-2: Ball 1-2: Ball 2-2: Strikes out looking
|
| Top of the 4th over - 0 runs, 0 hits, 0 errors, 0 left on base; Burlington 0 - Lansing 0 |
| BOTTOM OF THE 4TH |
|
Lansing Lugnuts batting - Pitching for Burlington Bees : RHP Getachew El Sayed
|
|
Batting: RHB Raul de la Cruz
|
0-0: Called Strike 0-1: Foul Ball, location: 2F 0-2: Ball 1-2: Strikes out swinging
|
|
Batting: RHB John Michener
|
0-0: Called Strike 0-1: Ground out 5-3 (Groundball, 5, EV 81.9 MPH)
|
|
Batting: RHB John Hering
|
0-0: Called Strike 0-1: Swinging Strike 0-2: Foul Ball, location: 2F 0-2: SINGLE (Line Drive, 3D, EV 106.2 MPH)
|
|
Batting: RHB Jamie Ogilvie
|
0-0: Ball John Hering steals 2nd base 1-0: Ball Wild Pitch! John Hering to third 2-0: Called Strike 2-1: Ground out 6-3 (Groundball, 6, EV 106.9 MPH)
|
| Bottom of the 4th over - 0 runs, 1 hit, 0 errors, 1 left on base; Burlington 0 - Lansing 0 |
| TOP OF THE 5TH |
|
Burlington Bees batting - Pitching for Lansing Lugnuts : RHP Ben Knapp
|
|
Batting: LHB Mutsuo IIda
|
0-0: Ball 1-0: Ball 2-0: Called Strike 2-1: Ball 3-1: Called Strike 3-2: Fly out, F7 (Flyball, 78D, EV 96.9 MPH)
|
|
Batting: RHB Dean LeCroy
|
0-0: Ball 1-0: Called Strike 1-1: Fly out, F8 (Flyball, 8RM, EV 96.9 MPH)
|
|
Batting: RHB Wilford Harper
|
0-0: Ball 1-0: Ball 2-0: SOLO HOME RUN (Flyball, 78XD, EV 103.8 MPH), Distance : 400 ft
|
|
Batting: RHB Peter Westover
|
0-0: Ball 1-0: Swinging Strike 1-1: Called Strike 1-2: Ball 2-2: Strikes out swinging
|
| Top of the 5th over - 1 run, 1 hit, 0 errors, 0 left on base; Burlington 1 - Lansing 0 |
| BOTTOM OF THE 5TH |
|
Lansing Lugnuts batting - Pitching for Burlington Bees : RHP Getachew El Sayed
|
|
Batting: LHB Roger Escareno
|
0-0: SINGLE (Groundball, 4MD, EV 94.4 MPH)
|
|
Batting: LHB Timo Gomez
|
0-0: Fielders Choice at 2nd, 6-4 (Groundball, 6, EV 83.8 MPH)
|
|
Batting: RHB Shunsuke Shiba Inu
|
0-0: Called Strike 0-1: 2-RUN HOME RUN (Flyball, 78XD, EV 96.9 MPH), Distance : 383 ft
|
|
Batting: RHB Luis Gomez
|
0-0: Fly out, F7 (Flyball, 78S, EV 88.1 MPH)
|
|
Batting: LHB Frank Nelson
|
0-0: Ball 1-0: Ball 2-0: Foul Ball, location: 2F 2-1: SINGLE (Groundball, 4M, EV 107.5 MPH) (infield hit)
|
|
Batting: RHB Raul de la Cruz
|
0-0: Called Strike Frank Nelson steals 2nd base 0-1: Called Strike 0-2: Foul Ball, location: 2F 0-2: Strikes out swinging
|
| Bottom of the 5th over - 2 runs, 3 hits, 0 errors, 1 left on base; Burlington 1 - Lansing 2 |
| TOP OF THE 6TH |
|
Burlington Bees batting - Pitching for Lansing Lugnuts : RHP Ben Knapp
|
|
Batting: SHB Tim Connell
|
0-0: Called Strike 0-1: Called Strike 0-2: Foul Ball, location: 2F 0-2: Foul Ball, location: 2F 0-2: Strikes out looking
|
|
Batting: RHB Nick Lombardo
|
0-0: Foul Ball, location: 2F 0-1: Called Strike 0-2: Strikes out swinging
|
|
Batting: RHB Ricky Mejicanos
|
0-0: Called Strike 0-1: SINGLE (Groundball, P, EV 91.9 MPH) (infield hit)
|
|
Batting: LHB Dave Hicks
|
0-0: Called Strike 0-1: SINGLE (Line Drive, 56, EV 95.0 MPH) Ricky Mejicanos to second Runner from 2nd tries for 3rd, SAFE, throw by LF made to third
|
|
Batting: RHB Kyler Seitz
|
0-0: SINGLE (Line Drive, 8RS, EV 91.2 MPH) Ricky Mejicanos scores Dave Hicks to second Runner from 2nd tries for 3rd, SAFE, throw by CF made to third
|
|
Batting: LHB Mutsuo IIda
|
0-0: Foul Ball, location: 2F 0-1: Fly out, F8 (Flyball, 8RM, EV 94.4 MPH)
|
| Top of the 6th over - 1 run, 3 hits, 0 errors, 2 left on base; Burlington 2 - Lansing 2 |
| BOTTOM OF THE 6TH |
|
Lansing Lugnuts batting - Pitching for Burlington Bees : RHP Getachew El Sayed
|
|
Batting: RHB John Michener
|
0-0: Ball 1-0: Swinging Strike 1-1: Ball 2-1: Ball 3-1: Foul Ball, location: 2F 3-2: Base on Balls
|
|
Pitching: RHP Tim Mumpower
|
|
|
Batting: RHB John Hering
|
0-0: Foul Ball, location: 2F 0-1: Ball 1-1: Swinging Strike 1-2: Strikes out swinging
|
|
Batting: RHB Jamie Ogilvie
|
0-0: Ball 1-0: Called Strike John Michener steals 2nd base (no throw) 1-1: Ball 2-1: Swinging Strike 2-2: Foul Ball, location: 2F 2-2: Strikes out swinging
|
|
Batting: LHB Roger Escareno
|
0-0: Hit by Pitch
|
|
Batting: LHB Timo Gomez
|
0-0: Called Strike 0-1: Ball 1-1: Fly out, F6 (Popup, 6MD, EV 42.5 MPH)
|
| Bottom of the 6th over - 0 runs, 0 hits, 0 errors, 2 left on base; Burlington 2 - Lansing 2 |
| TOP OF THE 7TH |
|
Burlington Bees batting - Pitching for Lansing Lugnuts : RHP Ben Knapp
|
|
Batting: RHB Dean LeCroy
|
0-0: Foul Ball, location: 2F 0-1: Ball 1-1: Ball 2-1: Foul Ball, location: 2F 2-2: Ball 3-2: Ground out 5-3 (Groundball, 56S, EV 85.0 MPH)
|
|
Batting: RHB Wilford Harper
|
0-0: Swinging Strike 0-1: Foul Ball, location: 2F 0-2: Foul Ball, location: 2F 0-2: Ball 1-2: Ball 2-2: Strikes out looking
|
|
Batting: RHB Peter Westover
|
0-0: Swinging Strike 0-1: Ball 1-1: Foul Ball, location: 2F 1-2: Foul Ball, location: 2F 1-2: Ball 2-2: Foul Ball, location: 2F 2-2: Strikes out swinging
|
| Top of the 7th over - 0 runs, 0 hits, 0 errors, 0 left on base; Burlington 2 - Lansing 2 |
| BOTTOM OF THE 7TH |
|
Lansing Lugnuts batting - Pitching for Burlington Bees : RHP Tim Mumpower
|
|
Batting: RHB Shunsuke Shiba Inu
|
0-0: Ball 1-0: Ball 2-0: Called Strike 2-1: Ball 3-1: Fly out, F6 (Line Drive, 56D, EV 66.9 MPH)
|
|
Batting: RHB Luis Gomez
|
0-0: Fly out, F8 (Flyball, 89M, EV 81.2 MPH)
|
|
Batting: LHB Frank Nelson
|
0-0: Ball 1-0: Ball 2-0: Ball 3-0: Base on Balls
|
|
Batting: RHB Raul de la Cruz
|
0-0: Called Strike 0-1: Ball 1-1: Foul Ball, location: 2F 1-2: Foul Ball, location: 2F 1-2: Ball 2-2: Ball Frank Nelson steals 2nd, throwing error, E2 Frank Nelson to third 3-2: Fly out, F9 (Flyball, 9D, EV 109.4 MPH)
|
| Bottom of the 7th over - 0 runs, 0 hits, 1 error, 1 left on base; Burlington 2 - Lansing 2 |
| TOP OF THE 8TH |
|
Burlington Bees batting - Pitching for Lansing Lugnuts : RHP Ben Knapp
|
|
Pitching: RHP Bill Couch
|
|
|
Pinch Hitting: LHB Edgar van der Meeren
|
0-0: Called Strike 0-1: Ball 1-1: Ball 2-1: Ball 3-1: Base on Balls
|
|
Batting: RHB Nick Lombardo
|
0-0: Called Strike 0-1: Foul Ball, location: 2F 0-2: Strikes out swinging
|
|
Batting: RHB Ricky Mejicanos
|
0-0: Called Strike 0-1: Called Strike 0-2: Strikes out swinging
|
|
Batting: LHB Dave Hicks
|
0-0: Foul Ball, location: 2F 0-1: Ball Wild Pitch! Edgar van der Meeren to second 1-1: Ball 2-1: Swinging Strike 2-2: Strikes out looking
|
| Top of the 8th over - 0 runs, 0 hits, 0 errors, 1 left on base; Burlington 2 - Lansing 2 |
| BOTTOM OF THE 8TH |
|
Lansing Lugnuts batting - Pitching for Burlington Bees : RHP Tim Mumpower
|
|
Pitching: RHP Nick Madrid
|
|
|
Now at 2B: Danny Bjarnson
|
|
|
Now at SS: Peter Westover
|
|
|
Batting: RHB John Michener
|
0-0: Fly out, F8 (Flyball, 78D, EV 100.0 MPH)
|
|
Batting: RHB John Hering
|
0-0: Ball 1-0: Ground out 6-3 (Groundball, 6S, EV 71.9 MPH)
|
|
Pinch Hitting: SHB Gregg Whitecotton
|
0-0: Ball 1-0: Foul Ball, location: 2F 1-1: Ball 2-1: SINGLE (Groundball, 6D, EV 101.9 MPH)
|
|
Batting: LHB Roger Escareno
|
0-0: Ball 1-0: Ball Gregg Whitecotton steals 2nd base (no throw) 2-0: Fly out, F4 (Line Drive, 4D, EV 68.8 MPH)
|
| Bottom of the 8th over - 0 runs, 1 hit, 0 errors, 1 left on base; Burlington 2 - Lansing 2 |
| TOP OF THE 9TH |
|
Burlington Bees batting - Pitching for Lansing Lugnuts : RHP Bill Couch
|
|
Pitching: LHP Nick Burnstein
|
|
|
Now at SS: Gregg Whitecotton
|
|
|
Batting: RHB Kyler Seitz
|
0-0: Ball 1-0: Ball 2-0: Called Strike 2-1: Ball 3-1: Base on Balls
|
|
Batting: LHB Mutsuo IIda
|
0-0: Called Strike 0-1: Foul Ball, location: 2F 0-2: DOUBLE (Line Drive, 8LXD, EV 105.6 MPH) Kyler Seitz to third
|
|
Batting: RHB Dean LeCroy
|
0-0: Called Strike 0-1: Ball 1-1: Ball 2-1: Ball 3-1: Base on Balls
|
|
Batting: RHB Wilford Harper
|
0-0: Called Strike 0-1: Called Strike 0-2: Strikes out swinging
|
|
Batting: RHB Peter Westover
|
0-0: Ball 1-0: Called Strike 1-1: Foul Ball, location: 2F 1-2: Foul Ball, location: 2F 1-2: Strikes out swinging
|
|
Batting: RHB Danny Bjarnson
|
0-0: SINGLE (Line Drive, 34D, EV 102.5 MPH) Kyler Seitz scores Mutsuo IIda to third Dean LeCroy to second
|
|
Batting: RHB Nick Lombardo
|
0-0: Swinging Strike 0-1: Swinging Strike 0-2: Ball 1-2: Foul Ball, location: 2F 1-2: Ground out 6-3 (Groundball, 56, EV 110.6 MPH)
|
| Top of the 9th over - 1 run, 2 hits, 0 errors, 3 left on base; Burlington 3 - Lansing 2 |
| BOTTOM OF THE 9TH |
|
Lansing Lugnuts batting - Pitching for Burlington Bees : RHP Nick Madrid
|
|
Pitching: RHP Josh Reynolds
|
|
|
Batting: LHB Timo Gomez
|
0-0: Foul Ball, location: 2F 0-1: Called Strike 0-2: Ball 1-2: Ground out 6-3 (Groundball, 6, EV 82.5 MPH)
|
|
Batting: RHB Shunsuke Shiba Inu
|
0-0: Ball 1-0: Ball 2-0: Foul Ball, location: 2F 2-1: Foul Ball, location: 2F 2-2: Foul Ball, location: 2F 2-2: Foul Ball, location: 2F 2-2: Ball 3-2: Ground out 5-3 (Groundball, 5S, EV 64.4 MPH)
|
|
Batting: RHB Luis Gomez
|
0-0: Called Strike 0-1: Foul Ball, location: 2F 0-2: Ball 1-2: Ball 2-2: Ball 3-2: Foul Ball, location: 2F 3-2: Foul Ball, location: 2F 3-2: Ground out 6-3 (Groundball, 6M, EV 81.9 MPH)
|
| Bottom of the 9th over - 0 runs, 0 hits, 0 errors, 0 left on base; Burlington 3 - Lansing 2 |
|